[Event "*** Titled Tuesday Blitz"]
[Site "Chess.com"]
[Date "2020.05.12"]
[Round "8"]
[White "Piotrek1979"]
[Black "kleinebeer98"]
[Result "0-1"]
[WhiteElo "2371"]
[BlackElo "2668"]
[TimeControl "180+1"]
[EndTime "11:28:23 PDT"]
[Termination "kleinebeer98 won by resignation"]

1. e4 e5 2. Nf3 Nc6 3. Bc4 Nf6 4. d3 h6 5. c3 d6 6. Bb3 g6 7. h3 Bg7 8. Be3 O-O 9. Nbd2 d5 10. O-O a5 11. a4 Be6 12. Re1 Qd7 13. Bc5 Rfe8 14.
exd5 Nxd5 15. Nc4 Nf4 16. Ncxe5 Nxe5 17. Nxe5 Bxe5 18. Rxe5 Bxb3 19. Rxe8+ Rxe8 20. Qxb3 Qc6 21. f3 Qxc5+ 22. d4 Qg5 0-1

[Event "*** Titled Tuesday Blitz"]
[Site "Chess.com"]
[Date "2020.05.12"]
[Round "8"]
[White "maurito96"]
[Black "MoreChessJulia"]
[Result "1-0"]
[WhiteElo "2203"]
[BlackElo "1798"]
[TimeControl "180+1"]
[EndTime "11:28:24 PDT"]
[Termination "maurito96 won by resignation"]

1. Nf3 Nf6 2. c4 c5 3. g3 Nc6 4.
Bg2 d6 5. O-O Bg4 6. h3 Bxf3 7.
Bxf3 Qd7 8. Nc3 a6 9. Bg2 e6 10. e3 d5 11. cxd5 exd5 12. d4 c4 13. b3 b5 14.
bxc4 bxc4 15. Rb1 Be7 16. Qa4 O-O 17. Ba3 Bxa3 18. Qxa3 Ne7 19. Rb6 Rfb8 20. Rfb1 Rxb6 21. Rxb6 a5 22. Qc5 Rc8 23. Qxa5 Nc6 24. Qa4 Qa7 25. Rxc6 1-0

[Event "*** Titled Tuesday Blitz"]
[Site "Chess.com"]
[Date "2020.05.12"]
[Round "8"]
[White "ajdemipopushi"]
[Black "lifeissofun"]
[Result "1-0"]
[WhiteElo "2229"]
[BlackElo "2330"]
[TimeControl "180+1"]
[EndTime "11:28:37 PDT"]
[Termination "ajdemipopushi won by checkmate"]

1. Nf3 c5 2. g3 Nf6 3. Bg2 d5 4. O-O e6 5. d4 Be7 6. c4 Kd7 7. Nc3 Ke8 8. Bg5 dxc4 9. Qa4+ Bd7 10. Qxc4 cxd4 11. Nxd4 Qc8 12. Qxc8+ Bxc8 13. Ndb5 Na6 14. Rfd1 Nd7 15. Nd6+ Bxd6 16. Rxd6 Ndc5 17. Rd8# 1-0

[Event "*** Titled Tuesday Blitz"]
[Site "Chess.com"]
[Date "2020.05.12"]
[Round "8"]
[White "Lion-Al-Messi"]
[Black "Berardino"]
[Result "0-1"]
[WhiteElo "2452"]
[BlackElo "2616"]
[TimeControl "180+1"]
[EndTime "11:28:56 PDT"]
[Termination "Berardino won by resignation"]

1. e4 c5 2. Nf3 b6 3. d4 cxd4 4.
Nxd4 Bb7 5. Nc3 Nf6 6. e5 Nd5 7. Bc4 Nxc3 8. bxc3 Qc7 9. Qe2 Nc6 10. Bf4 Nxd4 11.
cxd4 Rc8 12. Bd3 Qc3+ 13. Kd1 Qxa1+ 14. Bc1 Qxd4 15. f4 e6 16. Rf1 Be7 17. Qg4 g6 18. Qe2 Ba6 19. Rf3 Bxd3 20. Rxd3 Qg1+ 0-1

[Event "*** Titled Tuesday Blitz"]
[Site "Chess.com"]
[Date "2020.05.12"]
[Round "8"]
[White "1977Ivan"]
[Black "chess94cu"]
[Result "1-0"]
[WhiteElo "2635"]
[BlackElo "2456"]
[TimeControl "180+1"]
[EndTime "11:28:58 PDT"]
[Termination "1977Ivan won by resignation"]

1. c4 Nf6 2. Nc3 e5 3. e3 Nc6 4. g4 d6 5. g5 Nd7 6. Nf3 Be7 7.
Rg1 Nb6 8. d4 exd4 9. exd4 d5 10. c5 Nc4 11. Bxc4 dxc4 12. d5 Nb8 13. Qd4 b6 14.
Qxg7 Rf8 15. Bf4 bxc5 16. O-O-O Bf5 17. Rge1 Nd7 18. Nb5 Rc8 19. d6 1-0

[Event "*** Titled Tuesday Blitz"]
[Site "Chess.com"]
[Date "2020.05.12"]
[Round "8"]
[White "RianKapriaga"]
[Black "aa175"]
[Result "0-1"]
[WhiteElo "2225"]
[BlackElo "2401"]
[TimeControl "180+1"]
[EndTime "11:29:07 PDT"]
[Termination "aa175 won by checkmate"]

1. d4 e5 2. dxe5 Nc6 3. Nf3 Qe7 4. Nc3 Nxe5 5. e4 Nf6 6. Be2 Nxf3+ 7. Bxf3 g6 8. O-O Bg7 9. Bg5 h6 10. Bf4 d6 11.
Qd2 g5 12. Bg3 O-O 13. Rfe1 Bg4 14. e5 dxe5 15. Bxe5 Bxf3 16. gxf3 Rad8 17. Qe3 Rfe8 18. Qxa7 Nh5 19. Bxg7 Qxe1+ 20. Rxe1 Rxe1+ 21. Kg2 Nf4+ 22.
Kg3 Rg1# 0-1

[Event "*** Titled Tuesday Blitz"]
[Site "Chess.com"]
[Date "2020.05.12"]
[Round "8"]
[White "Stewie_89"]
[Black "grunbergmihai"]
[Result "1-0"]
[WhiteElo "2612"]
[BlackElo "2398"]
[TimeControl "180+1"]
[EndTime "11:29:23 PDT"]
[Termination "Stewie_89 won by resignation"]

1. e4 Nf6 2. e5 Nd5 3. d4 d6 4. exd6 cxd6 5. Bc4 Nb6 6. Bb3 Nc6 7. c3 g6 8. h4 h5 9. Ne2 Bg7 10. Be3 Na5 11. Bc2 Nac4 12. Bc1 d5 13. b3 Nd6 14.
Ba3 O-O 15. Nd2 a5 16. Nf3 a4 17. Ne5 axb3 18. axb3 Qc7 19. O-O Nb5 20. Bb2 Bxe5 21. dxe5 Qxe5 22. Rxa8 Nxa8 23. Bd3 Nac7 24. Qd2 Nd6 25.
c4 Qg7 26. Bxg7 1-0

[Event "*** Titled Tuesday Blitz"]
[Site "Chess.com"]
[Date "2020.05.12"]
[Round "8"]
[White "Djager97"]
[Black "RobertoJBM"]
[Result "0-1"]
[WhiteElo "2424"]
[BlackElo "2581"]
[TimeControl "180+1"]
[EndTime "11:29:34 PDT"]
[Termination "RobertoJBM won by resignation"]

1. e4 c6 2. d4 d5 3. Nc3 dxe4 4. Nxe4 Nd7 5. Bd3 Ngf6 6. Ng5 e6 7. Qe2 Bd6 8. N1f3 h6 9. Ne4 Nxe4 10. Qxe4 Qc7 11. Bd2 b6 12. O-O-O Bb7 13. Qe2 O-O-O 14. c4 c5 15. Bc3 Nf6 16. Kb1 Rhe8 17. dxc5 Bxc5 18. Ne5 Bd4 19. Bxd4 Rxd4 20. f3 Red8 21. Bc2 Rxd1+ 22.
Rxd1 Rxd1+ 23. Bxd1 Be4+ 24. Bc2 Qxe5 25. Bxe4 Qxh2 26.
c5 Nxe4 27. Qxe4 Qg1+ 28. Kc2 Qxc5+ 29. Kb1 Qf5 0-1

[Event "*** Titled Tuesday Blitz"]
[Site "Chess.com"]
[Date "2020.05.12"]
[Round "8"]
[White "Ariadna_Atreides"]
[Black "peixe64"]
[Result "0-1"]
[WhiteElo "2078"]
[BlackElo "2173"]
[TimeControl "180+1"]
[EndTime "11:29:38 PDT"]
[Termination "peixe64 won by checkmate"]

1. d4 Nf6 2. Nf3 g6 3. c4 Bg7 4. Nc3 d5 5. cxd5 Nxd5 6. Na4 O-O 7. e4 Nb6 8. Be3 e6 9. Be2 Nxa4 10. Qxa4 Bd7 11.
Qc2 Bc6 12. O-O Nd7 13. a4 Nf6 14. Bd3 Ng4 15. Bg5 f6 16. Bd2 f5 17. Ng5 Qd6 18. Qb3 Qxh2# 0-1

[Event "*** Titled Tuesday Blitz"]
[Site "Chess.com"]
[Date "2020.05.12"]
[Round "8"]
[White "TigranMukhutdinov"]
[Black "Enriquack"]
[Result "1-0"]
[WhiteElo "2433"]
[BlackElo "2272"]
[TimeControl "180+1"]
[EndTime "11:29:43 PDT"]
[Termination "TigranMukhutdinov won by resignation"]

1. Nf3 Nf6 2. g3 g6 3. b3 Bg7 4. Bb2 O-O 5. Bg2 d5 6. c4 dxc4 7. bxc4 Nc6 8. d3 Re8 9. O-O e5 10. Nfd2 Nd4 11. Nc3 c6 12. e3 Ne6 13. Qe2 Nc5 14. Nb3 Qe7 15. Ba3 Nfd7 16. Nxc5 Nxc5 17.
Na4 Nxa4 18. Bxe7 Rxe7 19. Qc2 Nc5 20. Rad1 Bf5 21. e4 Bg4 22. f3 Bd7 23. f4 Bg4 24.
Bf3 Bh3 25. Bg2 Bg4 26. Qf2 Ne6 27. f5 gxf5 28. exf5 Bxd1 29. Rxd1 1-0

[Event "*** Titled Tuesday Blitz"]
[Site "Chess.com"]
[Date "2020.05.12"]
[Round "8"]
[White "pfalcon1949"]
[Black "Chuchofrio1"]
[Result "1/2-1/2"]
[WhiteElo "1989"]
[BlackElo "2207"]
[TimeControl "180+1"]
[EndTime "11:29:45 PDT"]
[Termination "Game drawn by repetition"]

1. d4 f5 2. Nf3 Nf6 3. g3 d6 4. Bg2 g6 5. O-O Bg7 6. c4 O-O 7. d5 Nbd7 8. Nc3 Ne5 9. Nxe5 dxe5 10. e4 fxe4 11. Nxe4 Nxe4 12. Bxe4 Rb8 13. Qc2 e6 14. Be3 exd5 15. cxd5 Bf5 16. Rac1 Bxe4 17. Qxe4 a6 18. Rfd1 Rc8 19. Bc5 Rf7 20. b4 Qf6 21. a3 Bh6 22.
Rc3 b6 23. Be3 Bxe3 24. Qxe3 Rcf8 25. Rc2 Qf5 26. Rdc1 g5 27. Rxc7 Qxf2+ 28. Qxf2 Rxf2 29. d6 Rd2 30. d7 Rff2 31. Rc8+ Kg7 32. d8=Q Rg2+ 33.
Kf1 Rgf2+ 34. Ke1 Rfe2+ 35. Kf1 Rf2+ 36. Kg1 Rg2+ 37. Kf1 Rgf2+ 1/2-1/2

[Event "*** Titled Tuesday Blitz"]
[Site "Chess.com"]
[Date "2020.05.12"]
[Round "8"]
[White "GMsKoRPioN"]
[Black "narutosmith"]
[Result "0-1"]
[WhiteElo "2403"]
[BlackElo "2289"]
[TimeControl "180+1"]
[EndTime "11:29:48 PDT"]
[Termination "narutosmith won by checkmate"]

1. d4 Nf6 2. c4 e6 3. Nc3 Bb4 4.
Qc2 Nc6 5. a3 Nxd4 6. Qd3 Bxc3+ 7. Qxc3 e5 8. b4 d6 9. Bb2 Bf5 10. f3 Nc2+ 11. Kf2 Nxa1 12. Bxa1 O-O 13. e4 Bxe4 14. g4 Nxg4+ 15. fxg4 Bxh1 16. Qg3 Qg5 17. Be2 f5 18. h4 fxg4+ 19. Ke1 Qc1+ 20. Bd1 Qxa1 21.
Qxg4 Qd4 22. Qe6+ Kh8 23. Ne2 Qxh4+ 24. Kd2 Rf1 25. Bc2 Qe1+ 26. Ke3 Rf3+ 27. Ke4 Qxe2+ 28. Kd5 Rf6+ 29. Be4 Qxe4# 0-1

[Event "*** Titled Tuesday Blitz"]
[Site "Chess.com"]
[Date "2020.05.12"]
[Round "8"]
[White "mirceaparligras"]
[Black "guillembaches"]
[Result "1-0"]
[WhiteElo "2578"]
[BlackElo "2423"]
[TimeControl "180+1"]
[EndTime "11:29:50 PDT"]
[Termination "mirceaparligras won by resignation"]

1. d4 Nf6 2. c4 e6 3. Nf3 d5 4.
Nc3 Be7 5. Bf4 O-O 6. e3 b6 7. Bd3 dxc4 8. Bxc4 Ba6 9. Bxa6 Nxa6 10.
O-O c5 11. Qa4 Qc8 12. Rac1 Qb7 13. Ne5 Rac8 14. Nb5 Rfd8 15. Rfd1 Nd5 16. Bg3 cxd4 17. exd4 h6 18. h3 Bf8 19. a3 Ne7 20. Rxc8 Rxc8 21. Nd6 1-0

[Event "*** Titled Tuesday Blitz"]
[Site "Chess.com"]
[Date "2020.05.12"]
[Round "8"]
[White "mjray79"]
[Black "MightyGMpretender"]
[Result "0-1"]
[WhiteElo "2284"]
[BlackElo "2585"]
[TimeControl "180+1"]
[EndTime "11:29:53 PDT"]
[Termination "MightyGMpretender won by resignation"]

1. d4 Nf6 2. c4 e6 3. g3 c5 4. d5 exd5 5. cxd5 d6 6. Bg2 g6 7. a4 Bg7 8. Nf3 O-O 9. O-O Re8 10. Nc3 a6 11. Re1 Nbd7 12. e4 c4 13. Bf4 Nc5 14. Bf1 Nfxe4 15. Bxc4 Nxc3 16. bxc3 Bg4 17. Rxe8+ Qxe8 18. Bxd6 Ne4 19. Bb4 Rc8 20. Be2 Bxc3 21. Bxc3 Nxc3 0-1

[Event "*** Titled Tuesday Blitz"]
[Site "Chess.com"]
[Date "2020.05.12"]
[Round "8"]
[White "czasnaszachy"]
[Black "Papa12341234"]
[Result "0-1"]
[WhiteElo "2359"]
[BlackElo "2503"]
[TimeControl "180+1"]
[EndTime "11:29:54 PDT"]
[Termination "Papa12341234 won by checkmate"]

1. d4 Nf6 2. c4 g6 3. Nc3 d5 4.
cxd5 Nxd5 5. e4 Nxc3 6. bxc3 Bg7 7. Bc4 c5 8. Ne2 Nc6 9. Be3 O-O 10. O-O b6 11. Rc1 Bb7 12. Qd2 Rc8 13. Rfd1 cxd4 14. cxd4 Qd6 15. e5 Qd7 16. Bh6 Nxe5 17. dxe5 Qg4 18.
f3 Bxf3 19. Nd4 Bxh6 20. Qxh6 Qxg2# 0-1

[Event "*** Titled Tuesday Blitz"]
[Site "Chess.com"]
[Date "2020.05.12"]
[Round "8"]
[White "Snegokhod"]
[Black "artooon"]
[Result "0-1"]
[WhiteElo "2555"]
[BlackElo "2734"]
[TimeControl "180+1"]
[EndTime "11:29:57 PDT"]
[Termination "artooon won by resignation"]

1. e4 e5 2. Nf3 Nc6 3. Bb5 Nf6 4. d3 Bc5 5. O-O O-O 6. Bxc6 bxc6 7. Nxe5 d5 8. Nxc6 Qd6 9. e5 Qxc6 10. exf6 Qxf6 11. Nc3 c6 12. Be3 Bd6 13. Qh5 Bf5 14. Ne2 Bg6 15. Qg4 Qxb2 16. Rac1 Rfe8 17. h4 Qe5 18. Ng3 f5 19.
Qf3 f4 20. h5 Bf7 21. Rce1 fxe3 22. fxe3 Be6 0-1

[Event "*** Titled Tuesday Blitz"]
[Site "Chess.com"]
[Date "2020.05.12"]
[Round "8"]
[White "Orest_Vovk"]
[Black "Shubinkirill2003"]
[Result "0-1"]
[WhiteElo "2439"]
[BlackElo "2592"]
[TimeControl "180+1"]
[EndTime "11:30:00 PDT"]
[Termination "Shubinkirill2003 won by resignation"]

1. e4 e6 2. Be2 c5 3. f4 Nc6 4.
Nf3 g6 5. d3 Bg7 6. c3 Nge7 7.
O-O O-O 8. Be3 d5 9. Nbd2 d4 10.
cxd4 Nxd4 11. Nxd4 Bxd4 12. Bf2 Bxb2 13. Bxc5 Bxa1 14. Qxa1 Re8 15. Bd4 Nc6 16. Bf6 Qb6+ 17. Kh1 Qe3 18. Bh8 e5 19. fxe5 Be6 20. Bf6 Qxe2 21. Qc1 Nb4 22. Rf3 Rac8 23. Nc4 Nxd3 24. Rxd3 Qxd3 25. h3 Qxc4 0-1

[Event "*** Titled Tuesday Blitz"]
[Site "Chess.com"]
[Date "2020.05.12"]
[Round "8"]
[White "francyIM"]
[Black "Kavyev_Ruslan"]
[Result "1-0"]
[WhiteElo "2664"]
[BlackElo "2462"]
[TimeControl "180+1"]
[EndTime "11:30:04 PDT"]
[Termination "francyIM won by resignation"]

1. d4 Nf6 2. c4 g6 3. Nc3 d5 4. cxd5 Nxd5 5. e4 Nxc3 6. bxc3 Bg7 7. Bc4 c5 8. Ne2 O-O 9. O-O Nc6 10. Be3 Bg4 11.
f3 Bd7 12. Qd2 Qa5 13. d5 Ne5 14. Bb3 Bb5 15. Rfc1 Nc4 16. Bxc4 Bxc4 17. Ng3 e6 18.
Bh6 exd5 19. Bxg7 Kxg7 20. exd5 Rad8 21. d6 Rfe8 22. Qg5 Be6 23. Nh5+ Kg8 24. Nf6+ Kg7 25. Nxe8+ Rxe8 26. c4 Qb6 27. Qf4 Rd8 28. Rab1 Qc6 29. h4 h5 30. Qe5+ Kg8 31. Kh2 b6 32. Rd1 Bxc4 33. Qf6 Rd7 34. Rb2 Be6 35. Re2 Rxd6 36. Red2 Bd5 37. Qe5 1-0

[Event "*** Titled Tuesday Blitz"]
[Site "Chess.com"]
[Date "2020.05.12"]
[Round "8"]
[White "IwkooO"]
[Black "Gajuchess"]
[Result "0-1"]
[WhiteElo "2532"]
[BlackElo "2700"]
[TimeControl "180+1"]
[EndTime "11:30:06 PDT"]
[Termination "Gajuchess won by resignation"]

1. c4 g6 2. g3 Bg7 3. Bg2 c5 4. Nc3 Nc6 5. e4 d6 6. Nge2 Nf6 7.
d3 O-O 8. O-O Bd7 9. h3 Rb8 10.
Be3 a6 11. a4 Ne8 12. Qd2 Nd4 13. Rab1 b5 14. axb5 axb5 15. b3 Nc7 16. Bh6 b4 17. Bxg7 bxc3 18. Qh6 Nxe2+ 19. Kh2 Ne6 20. Bxf8 Qxf8 21. Qe3 c2 22. Qxe2 cxb1=Q 23. Rxb1 Nd4 24. Qa2 Bc6 25. f4 Qd8 26. Qa7 Rb7 27. Qa3 Qb8 28. Rb2 Rxb3 29. Rxb3 Qxb3 30. Qa6 Qxd3 0-1

[Event "*** Titled Tuesday Blitz"]
[Site "Chess.com"]
[Date "2020.05.12"]
[Round "8"]
[White "Susal_De_Silva"]
[Black "axvesik"]
[Result "0-1"]
[WhiteElo "2276"]
[BlackElo "2518"]
[TimeControl "180+1"]
[EndTime "11:30:06 PDT"]
[Termination "axvesik won by resignation"]

1. e4 e6 2. d4 d5 3. Nc3 Bb4 4. e5 Qd7 5. a3 Bxc3+ 6. bxc3 b6 7. Qg4 f5 8. Qg3 Ba6 9. Bxa6 Nxa6 10. Ne2 Kf7 11.
h4 Ne7 12. h5 h6 13. Nf4 c5 14. Be3 Rhc8 15. Ng6 Nb8 16. Nxe7 Qxe7 17. Qg6+ Kf8 18.
Qh7 Qf7 19. Rh3 Nc6 20. Rg3 Qg8 21. Qg6 Ne7 0-1

[Event "*** Titled Tuesday Blitz"]
[Site "Chess.com"]
[Date "2020.05.12"]
[Round "8"]
[White "LittlePeasant"]
[Black "Firouzja2003"]
[Result "0-1"]
[WhiteElo "2784"]
[BlackElo "3154"]
[TimeControl "180+1"]
[EndTime "11:30:12 PDT"]
[Termination "Firouzja2003 won by resignation"]

1. Nf3 Nf6 2. c4 g6 3. Nc3 Bg7 4. g3 O-O 5. Bg2 d6 6. d4 Nbd7 7. O-O e5 8. e4 c6 9. b3 exd4 10. Nxd4 Re8 11. Re1 Nc5 12. Bf4 Ng4 13. h3 Ne5 14. Bf1 Ned3 15. Bxd3 Bxd4 16. Rc1 Qf6 17. Ne2 Bb2 18. Rc2 Bxh3 19. b4 Nxe4 20. Qb1 Nxf2 21. Kxf2 Bd4+ 22. Kf3 Re3+ 23. Kf2 0-1

[Event "*** Titled Tuesday Blitz"]
[Site "Chess.com"]
[Date "2020.05.12"]
[Round "8"]
[White "korbul"]
[Black "kirillshevchenko"]
[Result "0-1"]
[WhiteElo "2563"]
[BlackElo "2812"]
[TimeControl "180+1"]
[EndTime "11:30:13 PDT"]
[Termination "kirillshevchenko won by resignation"]

1. d4 Nf6 2. c4 g6 3. Nc3 Bg7 4. e4 d6 5. f3 O-O 6. Bg5 a6 7. Nge2 Nbd7 8. Qd2 b5 9. cxb5 axb5 10. Nxb5 c6 11. Nbc3 e5 12. Bh6 Nxe4 13. Nxe4 Qh4+ 14. g3 Qxh6 15. Qxh6 Bxh6 16. Nxd6 Ba6 17. Kf2 Rfd8 18. Rd1 Bf8 19. dxe5 Nxe5 20. f4 Ng4+ 21. Kf3 h5 22.
Nc3 Bxf1 0-1

[Event "*** Titled Tuesday Blitz"]
[Site "Chess.com"]
[Date "2020.05.12"]
[Round "8"]
[White "Hasangatin_Ramil"]
[Black "Kolle05"]
[Result "1-0"]
[WhiteElo "2558"]
[BlackElo "2394"]
[TimeControl "180+1"]
[EndTime "11:30:14 PDT"]
[Termination "Hasangatin_Ramil won by resignation"]

1. e4 c5 2. Nf3 d6 3. d4 cxd4 4. Qxd4 a6 5. Be3 Nc6 6. Qb6 Qxb6 7. Bxb6 Nf6 8. Nc3 Be6 9. Ng5 g6 10. Nxe6 fxe6 11. Bc4 Kd7 12. O-O-O Bh6+ 13. Kb1 Rac8 14. Bb3 Ne5 15. g3 Rxc3 16. bxc3 Nxe4 17. Bd4 Bd2 18. Bxe5 dxe5 19. f3 Nxc3+ 20. Kb2 Nxd1+ 21. Rxd1 1-0

[Event "*** Titled Tuesday Blitz"]
[Site "Chess.com"]
[Date "2020.05.12"]
[Round "8"]
[White "PIwan"]
[Black "Quattroporte300"]
[Result "1-0"]
[WhiteElo "2504"]
[BlackElo "2327"]
[TimeControl "180+1"]
[EndTime "11:30:16 PDT"]
[Termination "PIwan won by resignation"]

1. c4 Nf6 2. Nc3 e5 3. Nf3 Nc6 4. e3 Bb4 5. Qc2 O-O 6. Nd5 Bc5 7. a3 a5 8. Bd3 h6 9. O-O d6 10. b3 Re8 11. Bb2 Bg4 12. Nxf6+ Qxf6 13. Bh7+ Kh8 14. Be4 Qe7 15. h3 Be6 16. d4 f5 17.
Bxc6 bxc6 18. dxc5 e4 19. Nd4 Bd7 20. cxd6 cxd6 21.
Rad1 Qg5 22. Ne2 Qe7 23. Nf4 a4 24. Ng6+ 1-0

[Event "*** Titled Tuesday Blitz"]
[Site "Chess.com"]
[Date "2020.05.12"]
[Round "8"]
[White "Glidzhian_Gor"]
[Black "1f3_2g41-0"]
[Result "0-1"]
[WhiteElo "2449"]
[BlackElo "2324"]
[TimeControl "180+1"]
[EndTime "11:30:17 PDT"]
[Termination "1f3_2g41-0 won by checkmate"]

1. e4 c5 2. d4 cxd4 3. c3 d3 4. Bxd3 Nc6 5. Nf3 d6 6. Bc4 Nf6 7. e5 dxe5 8. Qxd8+ Nxd8 9. Nxe5 e6 10. Bg5 Bd6 11.
Bb5+ Ke7 12. Nf3 a6 13. Ba4 b5 14. Bb3 Bb7 15. Nbd2 h6 16. Bh4 Nc6 17. O-O Na5 18. Bc2 Rhd8 19. a4 b4 20. c4 Bxf3 21. Nxf3 Nxc4 22.
Bb3 Nxb2 23. a5 Rac8 24. Rab1 Nd3 25. Rfd1 Nf4 26. Nd4 Bc5 27. Nf3 Ne2+ 28. Kf1 Nc3 29. Rdc1 Nxb1 30. Rxb1 Ba7 31. Ba4 g5 32. Bg3 Ne4 33.
Rxb4 Rc1+ 34. Ke2 Nc3# 0-1

[Event "*** Titled Tuesday Blitz"]
[Site "Chess.com"]
[Date "2020.05.12"]
[Round "8"]
[White "szefru"]
[Black "rakshi2005"]
[Result "1-0"]
[WhiteElo "2122"]
[BlackElo "2264"]
[TimeControl "180+1"]
[EndTime "11:30:18 PDT"]
[Termination "szefru won by resignation"]

1. e4 e5 2. Nf3 Nc6 3. Bb5 f5 4. d3 fxe4 5. dxe4 Nf6 6. Qe2 d6 7. O-O Qd7 8. Rd1 h6 9. Nxe5 Qe6 10. Nxc6 Bd7 11. Nd4 Bxb5 12. Qxb5+ Qd7 13. Qxb7 Rc8 14.
Qc6 Qxc6 15. Nxc6 Kd7 16. Nxa7 Rb8 17. a4 Rb7 18. Nb5 Nxe4 19. N1c3 Nxc3 20. Nxc3 Be7 21. Nd5 c6 22. Nxe7 Kxe7 23. b3 d5 24. Ba3+ Kd7 25. Re1 Rbb8 26. Re7+ Kd8 27. Rxg7 Re8 28. g3 c5 29.
Bxc5 Rc8 30. Bb6+ 1-0

[Event "*** Titled Tuesday Blitz"]
[Site "Chess.com"]
[Date "2020.05.12"]
[Round "8"]
[White "chenxiaoyuer"]
[Black "OMGCovid-19"]
[Result "1-0"]
[WhiteElo "2229"]
[BlackElo "1929"]
[TimeControl "180+1"]
[EndTime "11:30:19 PDT"]
[Termination "chenxiaoyuer won by resignation"]

1. e4 e6 2. d4 d5 3. Nd2 Nf6 4. e5 Nfd7 5. Bd3 c5 6. c3 Nc6 7. Ngf3 cxd4 8. cxd4 f6 9. exf6 Nxf6 10.
O-O Bd6 11. b3 O-O 12. Bb2 Qc7 13. Rc1 Bd7 14. Ne5 Rae8 15. Ndf3 Qb8 16. h3 Nb4 17. Bb1 Bb5 18. Re1 Nc6 19. a4 Ba6 20. Nxc6 bxc6 21.
Rxc6 Bb7 22. Rc1 Bb4 23. Bc3 Ba6 24. Ne5 Bxc3 25. Rxc3 Rc8 26. Ree3 Qd6 27. Qd2 Nd7 28. Qc2 Nxe5 29. dxe5 Qb6 30. Qxh7+ Kf7 31. Bg6+ Ke7 32. Qxg7+ 1-0

[Event "*** Titled Tuesday Blitz"]
[Site "Chess.com"]
[Date "2020.05.12"]
[Round "8"]
[White "profofchess"]
[Black "HrvojeZagreb"]
[Result "1-0"]
[WhiteElo "2428"]
[BlackElo "2195"]
[TimeControl "180+1"]
[EndTime "11:30:21 PDT"]
[Termination "profofchess won by resignation"]

1. e4 e6 2. d4 d5 3. Nc3 dxe4 4. Nxe4 Nd7 5. Nf3 Ngf6 6. Nxf6+ Nxf6 7. c3 Be7 8. Bd3 O-O 9. Qc2 b6 10. Bg5 h6 11. h4 Bb7 12. O-O-O a5 13. Kb1 a4 14. Rh3 a3 15. b3 Nd5 16. Bxh6 gxh6 17. Rg3+ Kh8 18.
Qd2 Nxc3+ 19. Kc2 Bg5 20. Nxg5 hxg5 21. Rxg5 Qxd4 22. Rh5+ Kg8 23. Bh7+ 1-0

[Event "*** Titled Tuesday Blitz"]
[Site "Chess.com"]
[Date "2020.05.12"]
[Round "8"]
[White "MYMChessAcademy"]
[Black "BhulseATX"]
[Result "1-0"]
[WhiteElo "2251"]
[BlackElo "1978"]
[TimeControl "180+1"]
[EndTime "11:30:21 PDT"]
[Termination "MYMChessAcademy won by resignation"]

1. d4 d5 2. c4 e6 3. Nf3 Nf6 4. g3 Be7 5. Bg2 O-O 6. O-O c5 7.
cxd5 exd5 8. Nc3 Nc6 9. a3 h6 10. dxc5 Bxc5 11. b4 Be7 12. Bb2 Be6 13. Rc1 Rc8 14.
Qd3 a6 15. Rfd1 Qc7 16. Nd4 Nxd4 17. Qxd4 Qd7 18. Nxd5 Bxd5 19. Bxd5 Rfd8 20. e4 Bf8 21. Rxc8 Rxc8 22. Bb3 Qxd4 23. Rxd4 Ng4 24. Rd7 1-0

[Event "*** Titled Tuesday Blitz"]
[Site "Chess.com"]
[Date "2020.05.12"]
[Round "8"]
[White "CyberneticLion"]
[Black "Logman74"]
[Result "1-0"]
[WhiteElo "2538"]
[BlackElo "2371"]
[TimeControl "180+1"]
[EndTime "11:30:27 PDT"]
[Termination "CyberneticLion won by resignation"]

1. e4 c5 2. c3 d5 3. exd5 Qxd5 4.
d4 Nf6 5. Nf3 e6 6. Be2 Nc6 7.
Na3 cxd4 8. Nb5 Qd8 9. Nbxd4 Nxd4 10. Qxd4 Qxd4 11. Nxd4 a6 12. Bg5 Bc5 13. Nb3 Bb6 14. Bf3 h6 15. Be3 Bxe3 16. fxe3 Rb8 17. Ke2 Bd7 18.
Nc5 Bb5+ 19. Kf2 b6 20. a4 bxc5 21. axb5 axb5 22. Bc6+ Ke7 23. Ra7+ Kd6 24. Bf3 Rhf8 25. Rd1+ Ke5 26. Ke2 b4 27. Ra5 Rfc8 28. c4 Rd8 29. Rxc5+ 1-0

[Event "*** Titled Tuesday Blitz"]
[Site "Chess.com"]
[Date "2020.05.12"]
[Round "8"]
[White "Sanyura"]
[Black "queen_iryna"]
[Result "1-0"]
[WhiteElo "2493"]
[BlackElo "2316"]
[TimeControl "180+1"]
[EndTime "11:30:33 PDT"]
[Termination "Sanyura won by resignation"]

1. e4 d6 2. d4 Nf6 3. Bd3 e5 4. Nf3 Nbd7 5. O-O Be7 6. c3 O-O 7. h3 Re8 8. Re1 c6 9. a4 Bf8 10. Nbd2 Nh5 11. Nf1 Nf4 12. Bxf4 exf4 13. Qd2 Qf6 14.
N1h2 h5 15. a5 g5 16. Re2 Qg7 17. Rae1 Nf6 18. e5 Nd5 19. exd6 Be6 20. Re5 Bc8 21.
Rxe8 g4 22. Nh4 gxh3 23. d7 Bxd7 24. Rxa8 Qg5 25. N2f3 1-0

[Event "*** Titled Tuesday Blitz"]
[Site "Chess.com"]
[Date "2020.05.12"]
[Round "8"]
[White "2165149677570"]
[Black "WiktoriaPOL"]
[Result "1-0"]
[WhiteElo "2229"]
[BlackElo "1997"]
[TimeControl "180+1"]
[EndTime "11:30:35 PDT"]
[Termination "2165149677570 won by resignation"]

1. a3 d5 2. Nf3 c5 3. b3 Nc6 4. Bb2 Nf6 5. d4 e6 6. g3 b6 7. Bg2 Bb7 8. O-O Rc8 9. c4 Ba6 10. Ne5 cxd4 11. Nxc6 Rxc6 12. cxd5 Nxd5 13. Qxd4 Rc8 14.
Qa4+ Qd7 15. Qxa6 Rc2 16. Bd4 Bd6 17. Qd3 Rc8 18. Bxd5 exd5 19. Bxg7 Rg8 20. Qe3+ Be7 21. Bf6 Qe6 22. Qxe6 fxe6 23. Bxe7 Kxe7 24. Ra2 1-0

[Event "*** Titled Tuesday Blitz"]
[Site "Chess.com"]
[Date "2020.05.12"]
[Round "8"]
[White "ural58"]
[Black "KaterynaLagno"]
[Result "0-1"]
[WhiteElo "2495"]
[BlackElo "2696"]
[TimeControl "180+1"]
[EndTime "11:30:36 PDT"]
[Termination "KaterynaLagno won by resignation"]

1. e4 e5 2. f4 exf4 3. Bc4 Ne7 4. Nc3 c6 5. Bb3 d5 6. exd5 cxd5 7. d4 Be6 8. Bxf4 Ng6 9. Bxb8 Rxb8 10. Nf3 Bb4 11. Ba4+ b5 12. Bb3 O-O 13. O-O Bxc3 14. bxc3 h6 15.
a4 a6 16. axb5 axb5 17. Ra7 Qb6 18. Qa1 Qc6 19. Ra6 Rb6 20. Rxb6 Qxb6 21. Qa2 Qc6 22. h3 Ra8 23. Qb2 Rc8 24. Ra1 Qd6 25. Re1 Qg3 26. Re2 Nf4 27. Rd2 Bxh3 28. Bxd5 Bxg2 0-1

[Event "*** Titled Tuesday Blitz"]
[Site "Chess.com"]
[Date "2020.05.12"]
[Round "8"]
[White "Malysch"]
[Black "stanyga"]
[Result "0-1"]
[WhiteElo "2453"]
[BlackElo "2641"]
[TimeControl "180+1"]
[EndTime "11:30:40 PDT"]
[Termination "stanyga won by resignation"]

1. d4 d5 2. c4 c6 3. Nf3 Nf6 4. Qc2 e6 5. g3 dxc4 6. Qxc4 b5 7. Qd3 Bb7 8. Bg2 a6 9. a4 Qb6 10. Nc3 Nbd7 11. O-O Be7 12. Nd2 Rd8 13. Nb3 Ne5 14.
Qc2 Nc4 15. Rd1 O-O 16. Bg5 e5 17. dxe5 Ng4 18. Bxe7 Qxf2+ 19. Kh1 Nce3 20. Qe4 Nxd1 21. Bxd8 Qe1+ 0-1